Map: Abyssal Reef LE

Players

Zelos

  • Race: Zerg Zerg
  • League: Master
  • Spawn Location: 11:00

AlexUA - Winner!

  • Race: Protoss Protoss
  • League: Grandmaster
  • Spawn Location: 5:00

VOD

Have the link to the VOD?

Description

Time

  • Played on: Aug. 1, 2017, 4:58 a.m.
  • Length: 6:07
Show
View Real Time Build Order
Export as new Build Order

Zelos Zerg 

Build Orders: Hatch First 

Get SALT Encoding   

  12  0:01  Drone  
  13  0:12  Overlord  
  13  0:22  Drone  
  14  0:32  Drone x2  
  16  0:38  Drone  
  17  0:53  Hatchery  
  16  1:00  Drone  
  16  1:01  Drone  
  18  1:10  Drone  
  19  1:20  Spawning Pool  
  19  1:21  Extractor  
  19  1:25  Drone  
  18  1:31  Drone  
  19  1:41  Drone  
  20  1:51  Drone  
  21  2:02  Drone  
  21  2:06  Drone, Queen  
  21  2:07  Queen  
  27  2:12  Drone  
  28  2:22  Metabolic Boost  
  28  2:29  Overlord  
  28  2:37  Hatchery  
  28  2:40  Drone  
  28  2:48  Drone x4  
  32  2:58  Overlord  
  32  3:02  Drone  
  32  3:03  Drone  
  34  3:06  Zergling x2  
  35  3:16  Queen  
  35  3:18  Zergling x14  
  44  3:36  Overlord  
  44  3:38  Overlord  
  44  3:51  Queen  
  44  3:52  Queen  
  44  3:53  Drone  
  44  3:54  Drone  
  44  3:55  Drone x4  
  53  3:56  Drone x4  
  58  4:09  Drone x3  
  60  4:12  Extractor  
  60  4:15  Roach Warren, Extractor  
  55  4:22  Zergling x14  
  62  4:30  Spore Crawler x2  
  60  4:33  Spore Crawler  
  59  4:40  Overlord  
  55  4:56  Roach x2  
  55  4:57  Overlord  
  55  4:58  Overlord x2  
  59  5:10  Roach x2  
  59  5:11  Roach x2  
  67  5:16  Roach x2  
  67  5:18  Roach  
  73  5:26  Ravager x2  
  73  5:28  Roach x2  
  75  5:41  Roach x2  
  75  5:42  Roach  
  70  5:48  Roach  
  70  5:49  Zergling x4  
  63  5:50  Zergling x4  
Show
View Real Time Build Order
Export as new Build Order

AlexUA Protoss - Winner!

Build Orders: Zealot Archon, Dark Templar Rush 

Get SALT Encoding   

  12  0:01  Probe (Chrono Boost)  
  13  0:11  Probe (Chrono Boost)  
  14  0:19  Pylon  
  14  0:22  Probe (Chrono Boost)  
  15  0:37  Probe (Chrono Boost)  
  15  0:42  Gateway  
  16  0:44  Assimilator  
  16  0:48  Probe (Chrono Boost)  
  17  0:59  Probe (Chrono Boost)  
  17  1:02  Assimilator  
  18  1:10  Probe (Chrono Boost)  
  19  1:11  Gateway  
  19  1:20  Probe (Chrono Boost)  
  20  1:31  Cybernetics Core  
  20  1:37  Pylon  
  20  1:42  Probe (Chrono Boost)  
  21  1:50  Zealot  
  23  1:56  Probe (Chrono Boost)  
  24  2:06  Probe (Chrono Boost)  
  25  2:10  Twilight Council  
  25  2:13  Warp Gate (Chrono Boost)  
  25  2:33  Stalker  
  25  2:35  Pylon  
  27  2:48  Charge (Chrono Boost), Dark Shrine  
  27  2:57  Gateway  
  27  3:07  Gateway  
  27  3:29  Pylon  
  27  3:47  Gateway  
  27  4:04  Dark Templar x3  
  27  4:08  Zealot  
  33  4:23  Pylon  
  33  4:38  Dark Templar  
  33  4:39  Zealot x3  
  40  4:54  Dark Templar  
  42  5:08  Zealot x2  
  42  5:09  Zealot  
  48  5:15  Dark Templar, Archon  
  48  5:20  Archon  
  50  5:22  Pylon  
  50  5:28  Zealot x2  
  54  5:42  Zealot x2  
  56  5:52  Dark Templar x2  
Tags
 
Add a new tag
Caveats
  • Supply blocks, unpowered buildings, or Contaminate may cause inaccurate times.
  • Supply counts are checked every 10 seconds.